 Dungeon Crawl Stone Soup version 0.23.2-40-g277498a001 (webtiles) character file.

Game seed: 2614150056147335290

1839 Marnok the Poker (level 8, 0/56 HPs)
             Began as a Demonspawn Chaos Knight on Oct 8, 2019.
             Was a Plaything of Xom.
             Slain by a hippogriff (3 damage)
             ... on level 7 of the Dungeon.
             The game lasted 00:17:30 (4983 turns).

Marnok the Poker (Demonspawn Chaos Knight)          Turns: 4983, Time: 00:17:30

Health: 0/56       AC: 14    Str: 16    XL:     8   Next: 87%
Magic:  7/7        EV: 11    Int: 13    God:    Xom [...*..]
Gold:   289        SH:  0    Dex: 12    Spells: 7/7 levels left

rFire    + + +     SeeInvis .   a - +1 spear (chaos)
rCold    + . .     Gourm    .   (no shield)
rNeg     . . .     Faith    .   e - +0 scale mail {rF+}
rPois    +         Spirit   .   (helmet restricted)
rElec    +         Reflect  .   m - +0 cloak
rCorr    +         Harm     .   (no gloves)
MR       +....                  (no boots)
Stlth    +++.......             g - amulet of regeneration
HPRegen  0.58/turn              k - ring of protection from magic
MPRegen  0.10/turn              q - ring of resist corrosion

@: resistant, sanguine armour
A: horns 1, blurry vision 1, fire resistance 1, frail 1, low mp 1, nightstalker
2, spiny 2, sanguine armour 1
a: Renounce Religion


You were on level 7 of the Dungeon.
You worshipped Xom.
You were a favourite toy of Xom.
You were not hungry.

You visited 1 branch of the dungeon, and saw 7 of its levels.

You collected 289 gold pieces.

Inventory:

Hand Weapons
 a - a +1 spear of chaos (weapon)
 F - a +2 quarterstaff of chaos
Missiles
 x - 2 tomahawks (quivered)
Armour
 b - a +2 leather armour
 e - a +0 scale mail of fire resistance (worn)
 h - a +2 helmet
 m - a +0 cloak (worn)
Jewellery
 g - an amulet of regeneration (around neck)
 i - an uncursed amulet of the acrobat
 k - a ring of protection from magic (left hand)
 l - an uncursed ring of protection from cold
 p - an uncursed ring of fire
 q - a ring of resist corrosion (right hand)
 v - an uncursed ring of protection from fire {unknown}
 w - an uncursed amulet of the acrobat
 y - an uncursed ring of poison resistance {unknown}
 D - a +4 ring of dexterity {unknown}
Wands
 n - a wand of digging (6)
Scrolls
 d - 3 scrolls of teleportation
 f - a scroll of immolation {unknown}
 j - 3 scrolls of remove curse
 o - a scroll of random uselessness {unknown}
 r - a scroll of fear
 t - 2 scrolls of blinking {unknown}
 z - 3 scrolls of identify
 E - a scroll of amnesia {unknown}
Potions
 s - a potion of resistance
 u - a potion of ambrosia {unknown}
 A - a potion of agility {unknown}
 B - a potion of brilliance
Comestibles
 c - 12 rations
 C - 11 chunks of flesh


   Skills:
 + Level 5.4 Fighting
 + Level 6.8 Polearms
 + Level 6.3 Armour
 + Level 3.2 Dodging
 + Level 2.3 Stealth


You had 7 spell levels left.
You didn't know any spells.
Your spell library was empty.

Dungeon Overview and Level Annotations

Branches:
Dungeon (7/15)
 Temple: D:4-7

Altars:
Okawaru
Xom


Innate Abilities, Weirdness & Mutations

You have a pair of small horns on your head.
You are significantly more attuned to the shadows.
You are mostly covered in sharp spines.
When seriously injured, your bleeding wounds create armour. (AC +6)
Scrolls take you a little longer to read.
Your flesh is heat resistant. (rF+)
You are frail. (-10% HP)
Your magical capacity is low. (-10% MP)


Message History

The hippogriff pecks you but does no damage.
The hippogriff claws you but does no damage.
It was a potion of resistance.
You feel protected.
Xom thinks this is hilarious!
The hippogriff bites you but does no damage.
The hippogriff misses you. The hippogriff claws you.
* * * LOW HITPOINT WARNING * * *
The hippogriff bites you.
* * * LOW HITPOINT WARNING * * *
The hippogriff pecks you.
* * * LOW HITPOINT WARNING * * *
The hippogriff claws you.
* * * LOW HITPOINT WARNING * * *
Really read with blurry vision while enemies are nearby?
You begin reading the scroll.
You continue reading the scroll.
The hippogriff bites you but does no damage.
The hippogriff pecks you.
You die...
Xom titters!

......#######.#
...........##.#
......####.##.#
##.....†##....#
###.##.##..###
#.##.##..#### ..
#...........##
#.#####.###.....##
#.#............@H#
#.#.###.##...#.......
#...÷...##.......#.##
##.########.....## #
. #...# ....... #
#...# .#/.##[# #
#...# # #...# # #<..#
#


You could see a hippogriff (berserk).

Vanquished Creatures
  Prince Ribbit (D:6)
  Duvessa (D:6)
  A porcupine (D:4)
  2 ogres
  A phantom (D:6)
  A big kobold (D:5)
  A bullfrog (D:6)
  Dowan (D:6)
  A scorpion (D:5)
  4 crimson imps
  A jelly (D:6)
  2 hounds
  Crazy Yiuf (D:6)
  An orc priest (D:6)
  A centaur skeleton (D:5)
  3 orc wizards
  2 bullfrog skeletons
  Natasha (thrice) (D:2)
  Terence (D:2)
  2 iguanas (D:6)
  5 worker ants
  A killer bee zombie (D:6)
  A howler monkey zombie (D:5)
  Robin (D:2)
  A howler monkey skeleton (D:4)
  4 adders (D:3)
  5 gnolls (D:3)
  A shadow imp (D:6)
  2 adder skeletons
  2 dart slugs (D:1)
  6 leopard geckos
  12 orcs
  2 ball pythons (D:1)
  3 giant cockroaches
  18 goblins
  19 hobgoblins
  7 jackals
  A quokka (D:5)
  9 bats
  3 frilled lizards
  A jackal zombie (D:5)
  6 kobolds
  4 rats
145 creatures vanquished.

Notes
Turn   | Place    | Note
-------+----------+-------------------------------------------
     0 | D:1      | Marnok the Demonspawn Chaos Knight began the quest for the
                  | Orb.
     0 | D:1      | Reached XP level 1. HP: 18/18 MP: 1/1
    29 | D:1      | XOM: divination: detect items
   236 | D:1      | Gained mutation: You are slightly more attuned to the
                  | shadows. [demonic ancestry]
   236 | D:1      | Reached XP level 2. HP: 22/24 MP: 2/2
   251 | D:1      | Reached skill level 1 in Dodging
   516 | D:1      | XOM: divination: magic mapping
   647 | D:1      | Reached XP level 3. HP: 29/29 MP: 3/3
  1066 | D:2      | Noticed Natasha
  1079 | D:2      | Killed Natasha
  1079 | D:2      | Gained mutation: When seriously injured, your bleeding
                  | wounds create armour. (AC +6) [demonic ancestry]
  1079 | D:2      | Reached XP level 4. HP: 22/37 MP: 4/4
  1148 | D:2      | Noticed Natasha
  1160 | D:2      | Killed Natasha
  1188 | D:2      | XOM: medium Fire miscast
  1220 | D:2      | Noticed Natasha
  1259 | D:2      | Killed Natasha
  1394 | D:2      | Noticed Robin
  1408 | D:2      | Gained mutation: You are partially covered in sharp spines.
                  | [demonic ancestry]
  1408 | D:2      | Reached XP level 5. HP: 42/42 MP: 5/5
  1410 | D:2      | Killed Robin
  1456 | D:2      | XOM: give mutations
  1456 | D:2      | Gained mutation: Scrolls take you a little longer to read.
                  | [Xom's mischief]
  1456 | D:2      | Gained mutation: You are frail. (-10% HP) [Xom's mischief]
  1456 | D:2      | Gained mutation: Your flesh is heat resistant. (rF+) [Xom's
                  | mischief]
  1456 | D:2      | Gained mutation: Your magical capacity is low. (-10% MP)
                  | [Xom's mischief]
  1559 | D:2      | Noticed Terence
  1571 | D:2      | Killed Terence
  2355 | D:3      | Gained mutation: You are mostly covered in sharp spines.
                  | [demonic ancestry]
  2355 | D:3      | Reached XP level 6. HP: 19/43 MP: 5/5
  2703 | D:3      | XOM: medium Conj miscast
  2916 | D:3      | XOM: stat loss: -1 Dex (11/12)
  2971 | D:5      | Entered Level 5 of the Dungeon
  3064 | D:4      | XOM: noise
  3074 | D:4      | Noticed a porcupine
  3074 | D:4      | an ogre changed into a porcupine
  3078 | D:4      | Killed a porcupine
  3078 | D:4      | Gained mutation: You have a pair of small horns on your
                  | head. [demonic ancestry]
  3078 | D:4      | Reached XP level 7. HP: 21/49 MP: 6/6
  3225 | D:4      | XOM: mild Hex miscast
  3571 | D:5      | XOM: noise
  3589 | D:5      | Reached skill level 5 in Armour
  3670 | D:5      | XOM: polymorph centaur -> big kobold
  3673 | D:5      | XOM: summons 5 friendly demons
  3681 | D:5      | Reached skill level 5 in Polearms
  4066 | D:6      | Reached skill level 1 in Stealth
  4205 | D:6      | Gained mutation: You are significantly more attuned to the
                  | shadows. [demonic ancestry]
  4205 | D:6      | Reached XP level 8. HP: 54/54 MP: 7/7
  4314 | D:6      | Noticed Prince Ribbit
  4324 | D:6      | XOM: scenery: create altars
  4392 | D:6      | Reached skill level 5 in Fighting
  4569 | D:6      | Found an iron altar of Okawaru.
  4675 | D:6      | Found a runed translucent door.
  4677 | D:6      | Noticed Crazy Yiuf
  4684 | D:6      | Killed Crazy Yiuf
  4706 | D:6      | XOM: noise
  4766 | D:6      | Noticed Duvessa
  4766 | D:6      | Noticed Dowan
  4782 | D:6      | Killed Duvessa
  4788 | D:6      | Killed Dowan
  4909 | D:6      | Killed Prince Ribbit
  4971 | D:7      | Noticed a hippogriff
  4981 | D:7      | HP: 2/56 [hippogriff (4)]
  4983 | D:7      | Slain by a hippogriff

Skill      XL: |  1  2  3  4  5  6  7  8 |
---------------+-------------------------+-----
Dodging        | 1 2 3 |  3.2
Armour         | 2 3 4 5 6 |  6.3
Polearms       | 3 4 5 6 |  6.8
Fighting       | 4 5 |  5.4
Stealth        | 1 2 |  2.3

Action                   |  1- 3 |  4- 6 |  7- 9 || total
-------------------------+-------+-------+-------++-------
Melee: Spear             |   117 |   166 |   187 ||   470
       Headbutt          |       |       |    34 ||    34
  Use: Potion            |       |     4 |     3 ||     7
       Scroll            |       |     2 |     3 ||     5
 Stab: Distracted        |       |       |     1 ||     1
       Paralysed         |       |       |     2 ||     2
       Sleeping          |       |       |     2 ||     2
  Eat: Chunk             |     1 |     6 |     6 ||    13
Armor: Scale mail        |    54 |    78 |    60 ||   192
       Leather armour    |     3 |       |       ||     3
Dodge: Dodged            |    60 |    88 |    97 ||   245
